 Dungeon Crawl Stone Soup version 0.20-a0-1116-gaa52201 (webtiles) character file.

175 grindst0ne the Skirmisher (level 5, -1/44 HPs)
             Began as a Demonspawn Gladiator on May 7, 2017.
             Succumbed to a gnoll's poison
             ... on level 3 of the Dungeon.
             The game lasted 00:04:01 (1538 turns).

grindst0ne the Skirmisher (Demonspawn Gladiator)    Turns: 1538, Time: 00:04:02

Health: -1/44      AC: 10    Str: 16    XL:     5   Next: 29%
Magic:  5/5        EV: 13    Int:  9    God:
Gold:   68         SH:  0    Dex: 14    Spells: 4/4 levels left

rFire    . . .     SeeInvis .   a - +0 war axe
rCold    . . .     Gourm    .   (no shield)
rNeg     . . .     Faith    .   b - +0 leather armour
rPois    .         Spirit   .   c - +0 helmet
rElec    .         Reflect  .   (no cloak)
rCorr    .         Harm     .   (no gloves)
MR       .....                  (no boots)
Stlth    +.........             (no amulet)
Regen    0.2/turn               (no ring)
MPRegen  0.1/turn               (no ring)

@: lethally poisoned (-1 -> -42), sanguine armour
A: hooves 2, powered by death 1, sanguine armour 1
a: no special abilities


You were on level 3 of the Dungeon.
You were not hungry.

You visited 1 branch of the dungeon, and saw 3 of its levels.

You collected 68 gold pieces.

Inventory:

Hand Weapons
 a - a +0 war axe (weapon)
Missiles
 d - 3 throwing nets (quivered)
Armour
 b - a +0 leather armour (worn)
 c - a +0 helmet (worn)
 i - a +0 scale mail
 j - a +0 plate armour
 r - a +0 helmet
Jewellery
 k - an uncursed ring of stealth {unknown}
Scrolls
 e - a scroll of recharging {unknown}
 m - 2 scrolls of identify {unknown}
 o - a scroll of teleportation {unknown}
 q - a scroll of amnesia {unknown}
Potions
 g - a potion of might {unknown}
 n - a potion of lignification {unknown}
 p - a potion of brilliance {unknown}
 s - a potion of mutation {unknown}
 t - a potion of heal wounds {unknown}
Comestibles
 f - 2 bread rations
 h - 2 chunks of flesh
 l - 4 royal jellies


   Skills:
 + Level 5.3 Fighting
 - Level 2.8 Axes
 - Level 1.7 Throwing
 - Level 2.9 Dodging


You had 4 spell levels left.
You didn't know any spells.

Dungeon Overview and Level Annotations

Branches:
Dungeon (3/15)

Altars:
Vehumet
Xom


Innate Abilities, Weirdness & Mutations

You have hoof-like feet.
You regenerate a little health from kills.
When seriously injured, your bleeding wounds create armour. (AC +6)


Message History

The gnoll is almost dead.
You feel sick. The gnoll hits you but does no damage.
The gnoll hits you from afar with a spear of venom!
You are lethally poisoned!
The gnoll hits you from afar with a spear.
* * * LOW HITPOINT WARNING * * *
You hit the gnoll.
You kill the gnoll!
* * * LOW HITPOINT WARNING * * *
You feel very sick. The gnoll closely misses you.
The gnoll hits you but does no damage. x2
You are more poisoned.
* * * LOW HITPOINT WARNING * * *
You feel sick. The gnoll misses you.
* * * LOW HITPOINT WARNING * * *
You feel very sick.
The gnoll hits you from afar with a spear of venom.
* * * LOW HITPOINT WARNING * * *
You are more poisoned.
You die...

#######
#...... #####
#.##### #.gg#
#.#.... #.#.#
#.#.### #.#
.. #<.....
#@#
#############
#.#
#............
#.#
#.#######..##
#.####.# #..#
#......#
#####..#
########
#......#
#.####.# #.#
#.# #.# #.#


You could see a gnoll.

Vanquished Creatures
  2 jellies (D:2)
  Terence (D:2)
  Robin (D:2)
  A gnoll (D:3)
  2 adders (D:2)
  A dart slug (D:1)
  2 leopard geckos
  An orc (D:3)
  2 ball pythons
  A giant cockroach (D:1)
  8 goblins
  7 hobgoblins
  An iguana (D:2)
  5 kobolds
  4 bats
  2 frilled lizards (D:2)
  7 rats
48 creatures vanquished.

Vanquished Creatures (others)
  5 toadstools (D:1)
5 creatures vanquished.

Grand Total: 53 creatures vanquished

Notes
Turn   | Place    | Note
-------+----------+-------------------------------------------
     0 | D:1      | grindst0ne the Demonspawn Gladiator began the quest for the Orb.
     0 | D:1      | Reached XP level 1. HP: 16/16 MP: 1/1
    75 | D:1      | Gained mutation: You regenerate a little health from kills. [demonic ancestry]
    75 | D:1      | Reached XP level 2. HP: 11/22 MP: 2/2
   630 | D:2      | Reached skill level 3 in Fighting
   634 | D:2      | Found a shimmering altar of Xom.
   642 | D:2      | Gained mutation: You have large cloven feet. [demonic ancestry]
   642 | D:2      | Reached XP level 3. HP: 11/30 MP: 3/3
   719 | D:2      | Reached skill level 4 in Fighting
   719 | D:2      | Gained mutation: You have hoof-like feet. [demonic ancestry]
   719 | D:2      | Reached XP level 4. HP: 13/37 MP: 4/4
   842 | D:2      | Found a radiant altar of Vehumet.
   875 | D:2      | Noticed Terence
   880 | D:2      | Killed Terence
   915 | D:2      | Noticed Robin
   922 | D:2      | Killed Robin
   927 | D:2      | Gained mutation: When seriously injured, your bleeding wounds create armour. (AC +6) [demonic ancestry]
   927 | D:2      | Reached XP level 5. HP: 39/43 MP: 5/5
   927 | D:2      | Reached skill level 5 in Fighting
  1537 | D:3      | HP: 2/44 [gnoll/spear of venom (2)]
  1538 | D:3      | Succumbed to a gnoll's poison

Vault maps used:
D:1:      ldierk_walled_garden
D:2:      old_standard_altar, dk_xom_monty_hall, uniq_robin, uniq_terence
D:3:      overflow_temple_1_default

Skill      XL: |  1  2  3  4  5 |
---------------+----------------+-----
Fighting       | 3 4 5 |  5.3
Axes           | |  2.8
Throwing       | |  1.7
Dodging        | |  2.9

Action                   |  1- 3 |  4- 6 || total
-------------------------+-------+-------++-------
Melee: War axe           |    55 |    71 ||   126
       Kick              |       |    19 ||    19
  Eat: Chunk             |       |     2 ||     2
Armor: Leather armour    |    18 |    27 ||    45
Dodge: Dodged            |    61 |    73 ||   134
